Map: [ESL] Crimson Court

Players

HeroMarine - Winner!

  • Race: Terran Terran
  • Spawn Location: 7:00

MaxPax

  • Race: Protoss Protoss
  • Spawn Location: 1:00

Event: ESL SC2 Masters 2024 Spring (Regional)

VOD

Have the link to the VOD?

Description

Time

  • Played on: May 3, 2024, 11:30 a.m.
  • Length: 11:28

All games in this series

Show
View Real Time Build Order
Export as new Build Order

HeroMarine Terran - Winner!

Build Orders: 1/1/1, Liberator Opening 

Get SALT Encoding   

  12  0:00  SCV  
  13  0:12  SCV  
  14  0:16  Supply Depot  
  14  0:24  SCV  
  15  0:38  SCV  
  15  0:39  Barracks  
  16  0:42  Refinery  
  16  0:50  SCV  
  16  0:53  Refinery  
  17  1:02  SCV  
  18  1:14  SCV  
  19  1:26  Orbital Command, Reaper  
  20  1:44  Factory  
  20  1:52  SCV, Supply Depot  
  21  1:59  Barracks Reactor  
  21  2:04  SCV  
  22  2:15  Command Center  
  22  2:16  SCV  
  23  2:28  Starport  
  23  2:29  SCV  
  24  2:32  Widow Mine  
  26  2:38  Supply Depot  
  26  2:41  SCV  
  26  2:42  Marine  
  28  2:46  Marine  
  29  2:53  SCV  
  30  3:00  Cyclone, Marine  
  30  3:04  Marine  
  34  3:09  SCV, Medivac  
  37  3:18  Marine  
  38  3:21  Marine  
  39  3:27  SCV  
  39  3:33  Factory Tech Lab  
  39  3:36  Marine  
  39  3:39  SCV, Marine  
  42  3:43  Liberator  
  45  3:50  Orbital Command  
  45  3:51  SCV  
  46  3:58  Siege Tank  
  46  4:01  Supply Depot  
  49  4:03  SCV  
  49  4:06  Marine x2  
  50  4:15  SCV  
  52  4:24  SCV, Marine x2  
  52  4:27  SCV, Supply Depot  
  52  4:30  Siege Tank  
  58  4:32  Starport Tech Lab  
  58  4:36  SCV  
  57  4:40  SCV  
  57  4:42  Barracks, Marine x2  
  60  4:48  SCV  
  60  4:52  SCV  
  63  4:57  Barracks  
  61  5:00  SCV  
  61  5:01  Bunker  
  61  5:02  Supply Depot  
  61  5:04  SCV, Marine x2  
  65  5:09  Siege Tank  
  65  5:12  SCV  
  69  5:16  SCV  
  69  5:22  Marine  
  69  5:23  Marine  
  69  5:24  SCV  
  69  5:27  Refinery  
  69  5:28  SCV, Engineering Bay  
  73  5:29  Supply Depot  
  73  5:36  SCV  
  73  5:40  SCV, Marine  
  73  5:41  Marine  
  77  5:44  Stimpack  
  77  5:45  Marine  
  77  5:47  Marine  
  77  5:49  SCV  
  77  5:52  SCV  
  71  5:59  Marine x2  
  71  6:01  SCV  
  71  6:02  Terran Infantry Weapons Level 1  
  71  6:04  SCV  
  71  6:08  Starport Reactor  
  71  6:09  Marine  
  73  6:13  SCV  
  73  6:16  SCV  
  73  6:17  Marine  
  73  6:18  Factory Tech Lab  
  73  6:20  Marine x2  
  71  6:28  Combat Shield, Marine  
  71  6:31  Supply Depot  
  71  6:32  Refinery  
  71  6:35  SCV x2, Barracks  
  71  6:36  Barracks  
  71  6:38  Siege Tank  
  76  6:41  Marine  
  76  6:42  Marine  
  76  6:43  Marine  
  79  6:50  SCV x2  
  79  6:52  Medivac  
  79  6:53  Medivac  
  84  6:58  Marine  
  86  7:02  SCV, Marine  
  86  7:03  SCV  
  86  7:07  Supply Depot  
  88  7:10  Marauder  
  88  7:11  Marauder  
  90  7:17  Siege Tank  
  90  7:18  Marine  
  94  7:25  Supply Depot x2  
  94  7:28  Marine  
  94  7:29  Medivac x2  
  99  7:33  Marauder  
  99  7:36  Marauder  
  95  7:38  Marine x2  
  95  7:39  Marine  
  96  7:46  Marine  
  97  7:52  Siege Tank  
  97  7:54  Marauder  
  97  7:56  Marine x2  
  97  7:57  Concussive Shells, Marauder, Marine  
  107  8:04  Marine  
  108  8:07  Medivac  
  108  8:12  Medivac  
  109  8:14  Marine  
  109  8:15  Marine, Marauder  
  109  8:16  Marine  
  109  8:18  Marauder  
  114  8:22  Marine  
  114  8:25  Siege Tank  
  118  8:32  Marine  
  118  8:33  Marine x2  
  117  8:36  Marine  
  117  8:37  Medivac  
  118  8:41  Marine  
  118  8:42  Marine  
  118  8:44  Medivac  
  118  8:45  Supply Depot  
  118  8:47  Supply Depot  
  113  8:50  Marine  
  113  8:51  Marine x2  
  113  8:54  Marine  
  116  8:58  Siege Tank  
  118  9:06  Marine  
  118  9:07  Viking  
  118  9:08  Marine x2  
  117  9:11  Marine x2  
  117  9:16  Viking  
  109  9:17  Marine  
  109  9:24  Marine  
  106  9:26  Marine  
  106  9:29  Marine x2  
  106  9:30  Siege Tank, Marine  
  113  9:35  Marine  
  113  9:37  Viking  
  116  9:41  Marine  
  116  9:44  Marine  
  118  9:46  Viking  
  118  9:47  Marine x2  
  118  9:48  Marine  
  123  9:53  Marine  
  123  9:58  Supply Depot  
  126  10:00  Supply Depot, Marauder  
  126  10:02  Siege Tank  
  126  10:05  Marine  
  126  10:06  Marine  
  131  10:07  Viking  
  133  10:20  Marauder, Viking  
  139  10:21  Marauder  
  139  10:22  Supply Depot  
  139  10:34  Marine x2  
  134  10:37  Marine x2, Viking  
  134  10:41  Marauder  
  136  10:42  Marauder  
  136  10:43  Siege Tank  
  139  10:52  Marine x2  
  139  10:55  Marine  
  139  10:56  Medivac  
  129  11:01  Marine  
  129  11:02  Marine  
  122  11:04  Marine  
  122  11:09  Marine x2  
Show
View Real Time Build Order
Export as new Build Order

MaxPax Protoss 

Build Orders: 1 Gate Expand, Blink Stalkers 

Get SALT Encoding   

  12  0:00  Probe  
  13  0:12  Probe  
  14  0:17  Pylon  
  14  0:24  Probe (Chrono Boost)  
  16  0:35  Gateway  
  16  0:36  Probe (Chrono Boost)  
  16  0:43  Probe (Chrono Boost)  
  16  0:45  Assimilator  
  17  0:50  Probe  
  18  1:03  Probe  
  19  1:15  Probe  
  20  1:22  Cybernetics Core  
  20  1:31  Nexus  
  20  1:32  Probe  
  21  1:41  Pylon  
  21  1:44  Probe  
  22  1:47  Assimilator  
  22  1:56  Probe, Adept (Chrono Boost)  
  22  1:59  Warp Gate  
  25  2:08  Probe  
  26  2:16  Adept (Chrono Boost)  
  26  2:20  Probe  
  29  2:26  Twilight Council  
  29  2:33  Probe  
  30  2:42  Stalker  
  30  2:43  Probe  
  33  2:45  Probe  
  34  2:55  Probe  
  34  2:57  Probe  
  36  3:00  Gateway  
  36  3:03  Blink (Chrono Boost)  
  36  3:07  Probe  
  36  3:10  Probe  
  38  3:19  Probe  
  39  3:22  Probe  
  40  3:27  Robotics Facility  
  40  3:31  Probe  
  40  3:34  Gateway  
  41  3:37  Probe, Gateway  
  42  3:41  Pylon  
  42  3:45  Probe  
  43  3:51  Probe  
  43  3:55  Stalker x2  
  46  3:59  Probe  
  46  4:02  Pylon  
  47  4:04  Probe  
  46  4:10  Pylon  
  46  4:14  Warp Prism (Chrono Boost)  
  45  4:21  Probe  
  45  4:23  Stalker  
  50  4:25  Stalker  
  50  4:28  Probe  
  53  4:31  Assimilator  
  53  4:33  Stalker  
  53  4:38  Stalker  
  57  4:43  Probe  
  57  4:45  Observer  
  58  4:48  Pylon  
  59  5:04  Stalker x4  
  67  5:13  Nexus  
  65  5:21  Observer  
  66  5:30  Stalker x4  
  66  5:31  Probe  
  66  5:33  Probe  
  75  5:38  Pylon  
  67  5:59  Stalker x2  
  69  6:07  Probe x2  
  66  6:19  Probe  
  66  6:24  Probe  
  66  6:29  Probe (Chrono Boost)  
  66  6:31  Stalker x4  
  75  6:36  Probe x2 (Chrono Boost)  
  75  6:37  Charge  
  77  6:42  Forge, Probe (Chrono Boost)  
  77  6:45  Probe (Chrono Boost)  
  77  6:46  Probe (Chrono Boost)  
  80  6:48  Probe (Chrono Boost)  
  80  6:50  Probe (Chrono Boost)  
  80  6:51  Probe  
  83  6:57  Probe  
  84  7:04  Probe  
  83  7:09  Probe  
  83  7:10  Immortal (Chrono Boost)  
  83  7:11  Gateway  
  83  7:13  Pylon  
  83  7:14  Gateway  
  83  7:15  Gateway  
  88  7:16  Protoss Ground Weapons Level 1 (Chrono Boost)  
  88  7:17  Gateway  
  88  7:19  Robotics Bay  
  88  7:22  Pylon  
  88  7:27  Zealot x3  
  88  7:29  Assimilator  
  94  7:36  Shield Battery  
  94  7:41  Sentry  
  94  7:43  Probe  
  97  7:45  Observer (Chrono Boost)  
  97  7:46  Pylon  
  98  7:51  Zealot x2, Pylon  
  98  7:54  Shield Battery  
  98  7:56  Pylon  
  102  8:01  Probe  
  102  8:04  Colossus (Chrono Boost)  
  103  8:09  Shield Battery  
  105  8:15  Zealot x3  
  105  8:16  Zealot  
  105  8:17  Zealot x2  
  105  8:18  Zealot x2  
  93  8:36  Stalker x3  
  93  8:37  Stalker  
  92  8:48  Zealot x4  
  98  9:01  Zealot x4  
  94  9:16  Stalker x3  
  94  9:17  Stalker  
  94  9:22  Colossus (Chrono Boost)  
  100  9:42  Nexus  
  100  9:45  Zealot, Sentry  
  94  10:00  Pylon  
  93  10:08  Sentry x2  
  93  10:13  Pylon  
  97  10:16  Zealot x5  
  105  10:32  Disruptor (Chrono Boost)  
  109  10:36  Zealot x3  
  115  10:42  Zealot x4  
  115  10:43  Zealot  
  101  11:00  Zealot x3  
  81  11:12  Stalker  
  75  11:23  Zealot x2  
Tags
 
Add a new tag
Caveats
  • Supply blocks, unpowered buildings, or Contaminate may cause inaccurate times.
  • Supply counts are checked every 10 seconds.